Map: Lightshade LE

Players

PAPI

  • Race: Protoss Protoss
  • League: Grandmaster
  • Spawn Location: 5:00

Lambo - Winner!

  • Race: Zerg Zerg
  • League: Grandmaster
  • Spawn Location: 11:00

VOD

Have the link to the VOD?

Description

Time

  • Played on: Jan. 20, 2021, 12:57 p.m.
  • Length: 10:25
Show
View Real Time Build Order
Export as new Build Order

PAPI Protoss 

Build Orders: Oracle Opening, Archon Immortal, Archon Drop 

Get SALT Encoding   

  12  0:00  Probe  
  13  0:12  Probe  
  14  0:20  Pylon  
  14  0:24  Probe  
  15  0:38  Probe (Chrono Boost)  
  15  0:41  Gateway  
  16  0:47  Assimilator, Probe (Chrono Boost)  
  17  0:52  Probe (Chrono Boost)  
  18  1:04  Probe  
  19  1:22  Gateway  
  19  1:23  Probe  
  20  1:26  Zealot (Chrono Boost)  
  20  1:29  Cybernetics Core  
  22  1:34  Pylon  
  22  1:35  Probe  
  23  1:52  Zealot (Chrono Boost)  
  25  1:56  Probe  
  26  2:15  Adept x2 (Chrono Boost)  
  30  2:16  Probe  
  30  2:33  Nexus  
  30  2:37  Probe  
  31  2:44  Pylon  
  31  2:49  Assimilator  
  31  3:00  Stargate  
  31  3:02  Probe  
  32  3:06  Stalker  
  32  3:09  Warp Gate  
  34  3:14  Probe (Chrono Boost)  
  35  3:24  Probe (Chrono Boost)  
  36  3:29  Probe (Chrono Boost)  
  37  3:40  Probe  
  38  3:42  Oracle (Chrono Boost)  
  38  3:46  Probe  
  42  3:52  Probe  
  43  3:58  Probe  
  44  4:04  Probe (Chrono Boost)  
  44  4:09  Assimilator  
  45  4:10  Probe (Chrono Boost)  
  45  4:11  Assimilator  
  45  4:12  Robotics Facility  
  47  4:22  Probe x2 (Chrono Boost)  
  48  4:27  Probe (Chrono Boost)  
  48  4:29  Probe (Chrono Boost)  
  50  4:32  Twilight Council  
  50  4:37  Probe  
  51  4:41  Probe  
  51  4:44  Gateway  
  51  4:45  Gateway  
  52  4:46  Pylon  
  52  4:49  Probe, Pylon  
  53  4:53  Probe  
  54  5:03  Warp Prism  
  54  5:04  Probe  
  54  5:05  Probe  
  58  5:11  Templar Archives  
  58  5:16  Probe  
  58  5:17  Probe  
  60  5:25  Pylon  
  60  5:28  Probe  
  61  5:33  Nexus  
  61  5:35  Probe  
  62  5:43  Probe  
  62  5:49  Forge  
  63  5:50  Immortal (Chrono Boost)  
  63  5:55  High Templar x4  
  71  6:00  Archon x2  
  71  6:02  Probe x2  
  73  6:14  Gateway  
  73  6:15  Gateway  
  73  6:17  Pylon  
  73  6:21  Probe  
  74  6:34  Immortal (Chrono Boost)  
  78  6:42  Probe (Chrono Boost)  
  78  6:44  Protoss Ground Weapons Level 1, Probe (Chrono Boost)  
  80  6:48  Sentry x2  
  80  6:49  Gateway, Sentry  
  80  6:50  Gateway, Zealot  
  80  6:51  Probe (Chrono Boost)  
  90  6:55  Probe (Chrono Boost)  
  90  7:00  Pylon  
  90  7:01  Probe x2 (Chrono Boost)  
  92  7:03  Probe (Chrono Boost)  
  92  7:08  Probe (Chrono Boost)  
  94  7:09  Immortal (Chrono Boost)  
  94  7:10  Probe  
  94  7:11  Probe  
  94  7:13  Assimilator  
  100  7:17  Assimilator  
  100  7:19  Probe  
  100  7:20  High Templar  
  100  7:21  High Templar, Zealot  
  107  7:32  Archon  
  107  7:35  Shield Battery  
  107  7:36  Shield Battery  
  107  7:38  Shield Battery  
  107  7:39  Shield Battery  
  107  7:41  Charge, Shield Battery  
  107  7:52  Stalker  
  107  7:54  Shield Battery  
  107  7:55  Pylon  
  107  7:58  Pylon  
  109  8:00  Immortal  
  85  8:13  Zealot x5  
  93  8:21  High Templar x2, Zealot  
  93  8:25  Shield Battery  
  93  8:26  Archon  
  87  8:27  Shield Battery  
  87  8:28  Shield Battery  
  82  8:37  Zealot x2  
  82  8:38  Zealot  
  82  8:39  Immortal (Chrono Boost)  
  60  8:59  High Templar x2  
  60  9:00  Zealot x5  
  74  9:06  Archon  
  60  9:18  Zealot  
  66  9:28  Pylon  
  64  9:32  High Templar x2  
  64  9:33  Zealot x3  
Show
View Real Time Build Order
Export as new Build Order

Lambo Zerg - Winner!

Build Orders: Pool First 

Get SALT Encoding   

  12  0:17  Spawning Pool  
  11  0:21  Drone  
  11  0:26  Drone  
  13  0:31  Drone  
  14  0:39  Overlord  
  14  1:03  Zergling x4  
  16  1:05  Zergling x2  
  19  1:15  Zergling x2  
  19  1:17  Hatchery  
  17  1:26  Zergling x2  
  17  1:32  Queen  
  20  1:37  Drone  
  21  1:48  Overlord  
  21  2:04  Drone  
  22  2:09  Queen  
  22  2:12  Drone  
  25  2:20  Drone  
  26  2:30  Queen  
  26  2:31  Drone  
  26  2:35  Drone  
  30  2:39  Drone x4  
  30  2:40  Extractor  
  33  2:46  Overlord  
  33  2:57  Drone  
  33  2:58  Drone  
  37  3:06  Drone x2  
  37  3:12  Overlord  
  39  3:16  Drone  
  39  3:18  Drone x2  
  42  3:21  Drone  
  42  3:25  Drone  
  44  3:36  Hatchery  
  44  3:37  Drone x3  
  44  3:42  Overlord  
  44  3:45  Drone x2  
  46  3:49  Metabolic Boost  
  46  3:54  Drone x2  
  51  4:02  Drone  
  51  4:03  Drone  
  51  4:04  Queen  
  51  4:06  Drone  
  51  4:09  Overlord  
  53  4:11  Drone  
  53  4:12  Extractor  
  53  4:15  Roach Warren  
  52  4:20  Drone x2  
  52  4:23  Overlord  
  54  4:24  Drone  
  54  4:30  Spore Crawler  
  54  4:31  Queen  
  54  4:34  Overlord  
  54  4:36  Drone  
  54  4:38  Drone  
  58  4:40  Overlord  
  58  4:42  Drone  
  58  4:44  Drone  
  60  4:47  Drone  
  60  4:49  Drone x2  
  60  4:51  Drone  
  60  4:52  Drone  
  65  4:57  Lair  
  65  4:59  Drone  
  66  5:03  Queen  
  66  5:04  Drone  
  69  5:08  Drone x2  
  69  5:10  Overlord  
  69  5:13  Evolution Chamber, Drone  
  71  5:16  Drone  
  71  5:17  Extractor x2  
  71  5:18  Drone  
  71  5:20  Drone x2  
  71  5:21  Drone  
  74  5:22  Drone  
  74  5:25  Drone  
  74  5:27  Drone x3  
  79  5:33  Drone x5  
  84  5:39  Overlord  
  84  5:41  Extractor  
  84  5:42  Overlord  
  83  5:49  Drone  
  83  5:50  Spore Crawler  
  83  5:51  Drone x2  
  83  5:52  Roach x2  
  83  5:55  Extractor  
  83  5:56  Glial Reconstitution  
  86  5:57  Zerg Missile Weapons Level 1  
  86  5:58  Overseer  
  86  5:59  Roach x3  
  86  6:00  Drone  
  86  6:03  Drone  
  94  6:06  Roach  
  94  6:10  Roach x4  
  104  6:15  Roach x2  
  108  6:27  Roach x2  
  108  6:28  Roach x2  
  114  6:33  Overlord  
  114  6:34  Overlord  
  114  6:35  Overlord  
  114  6:36  Overlord  
  114  6:39  Overlord  
  113  6:41  Overlord  
  113  6:47  Overlord x2  
  113  6:51  Drone  
  113  6:52  Roach x4  
  113  6:53  Ravager x2  
  113  6:54  Ravager x3  
  127  6:57  Roach x3  
  127  7:00  Roach  
  127  7:01  Roach  
  136  7:10  Roach x5  
  146  7:17  Roach  
  146  7:21  Roach x3  
  146  7:22  Roach x5  
  164  7:23  Ravager x3  
  164  7:27  Roach  
  169  7:31  Roach  
  169  7:33  Ravager  
  169  7:34  Overlord  
  169  7:35  Overseer  
  172  7:39  Overlord  
  172  7:42  Roach x2  
  172  7:44  Overlord  
  176  7:45  Overlord  
  176  7:49  Overlord  
  176  7:50  Overlord  
  176  7:53  Overlord  
  176  7:56  Overlord  
  176  7:57  Roach  
  176  7:58  Roach x3  
  180  8:02  Roach x3  
  176  8:09  Roach x5  
  178  8:15  Roach  
  178  8:16  Roach  
  168  8:20  Roach x6  
  168  8:23  Roach  
  168  8:25  Roach  
  172  8:31  Roach  
  172  8:33  Roach  
  168  8:36  Spire  
  168  8:38  Roach  
  168  8:40  Roach  
  163  8:45  Roach  
  156  8:50  Drone, Roach  
  156  8:51  Roach x3  
  161  8:56  Roach x3  
  161  8:59  Hatchery  
  161  9:01  Drone  
  167  9:03  Roach  
  167  9:09  Roach x4  
  177  9:14  Roach x2  
  177  9:16  Roach x3  
  175  9:18  Roach  
  175  9:22  Roach x2  
  171  9:28  Roach x3  
  169  9:34  Roach x4  
  169  9:38  Roach x2  
  175  9:45  Roach x2  
  175  9:46  Roach x3  
Tags
 
Add a new tag
Caveats
  • Supply blocks, unpowered buildings, or Contaminate may cause inaccurate times.
  • Supply counts are checked every 10 seconds.